 Dungeon Crawl Stone Soup version 0.28-a0-172-g787e458d71 (webtiles) character file.

Game seed: 14981599014539854263

447 hatdisgam the Sneak (level 7, -1/36 HPs)
             Began as a Vine Stalker Brigand on Aug 17, 2021.
             Asphyxiated
             ... on level 5 of the Dungeon.
             The game lasted 00:07:41 (3886 turns).

hatdisgam the Sneak (Vine Stalker Brigand)          Turns: 3886, Time: 00:07:43

Health: -1/36      AC:  8    Str: 16    XL:     7   Next: 3%
Magic:  0/8        EV:  9    Int: 11    God:
Gold:   156        SH:  0    Dex: 15    Spells: 6/6 levels left

rFire   . . .      SeeInvis .   a - +2 dagger
rCold   . . .      Faith    .   (no shield)
rNeg    . . .      Spirit   +   k - +0 scale mail
rPois   .          Reflect  .   (no helmet)
rElec   .          Harm     .   c - +0 cloak
rCorr   .          Rampage  .   p - +0 pair of gloves
Will    .....                   (no boots)
Stlth   ++........              (no amulet)
HPRegen 1.12/turn               (no ring)
MPRegen 0.11/turn               (no ring)

@: lethally poisoned (-1 -> -2), slowed, very slow
A: fangs 2, regeneration 1, magic shield, antimagic bite, no potion heal 2
a: no special abilities


You were on level 5 of the Dungeon.
You visited 2 branches of the dungeon, and saw 6 of its levels.

You collected 156 gold pieces.

Inventory:

Hand Weapons
 a - a +2 dagger (weapon)
Missiles
 d - 24 poisoned darts (quivered)
 e - 2 curare-tipped darts
 i - 251 stones
 o - 2 atropa-tipped darts
Armour
 b - a +0 robe
 c - a +0 cloak (worn)
 k - a +0 scale mail (worn)
 p - a +0 pair of gloves (worn)
 u - a +2 kite shield
Wands
 s - a wand of paralysis (9)
Scrolls
 f - a scroll of fog
 g - a scroll of amnesia
 h - a scroll of noise {unknown}
 m - a scroll of blinking {unknown}
 n - 2 scrolls of teleportation {unknown}
 r - 2 scrolls of identify {unknown}
 x - a scroll of enchant weapon {unknown}
 y - a scroll of magic mapping {unknown}
Potions
 j - 3 potions of curing
 l - 2 potions of ambrosia {unknown}
 q - a potion of brilliance {unknown}
 t - a potion of lignification {unknown}
 v - a potion of berserk rage {unknown}
 w - a potion of flight {unknown}


   Skills:
 - Level 3.2 Fighting
 - Level 1.7(3.3) Short Blades
 * Level 4.4(4.6) Long Blades
 + Level 3.5 Throwing
 + Level 1.3 Dodging
 - Level 4.8 Stealth


You had 6 spell levels left.
You didn't know any spells.
Your spell library contained the following spells:

 Spells                   Type           Power      Damage    Failure   Level
 Inner Flame              Hex/Fire       0%         N/A       99%         3
 Cause Fear               Hex            0%         N/A       100%        4
 Discord                  Hex            0%         N/A       100%        8


Dungeon Overview and Level Annotations

Branches:
Dungeon (5/15)             Temple (1/1) D:4

Altars:
Ashenzari
Fedhas
Hepliaklqana
Kikubaaqudgha
Nemelex Xobeh
Qazlal
Sif Muna
Vehumet
Wu Jian
Zin
The Shining One
Lugonu

Shops:
D:4 =

Annotations:
D:3 1 runed translucent door, siradein's ghost, amateur TrFi


Innate Abilities, Weirdness & Mutations

You have extremely sharp teeth.
Your natural rate of healing is unusually fast.
When hurt, damage is shared between your health and your magic reserves.
Your bite disrupts and absorbs the magic of your enemies.
Potions cannot restore your health.


Message History

You feel as though you will be slow longer.
You feel very sick.
The kobold brigand looks more healthy.
The kobold brigand throws a curare-tipped dart.
The curare-tipped dart barely misses you.
The kobold brigand throws a curare-tipped dart.
The curare-tipped dart completely misses you.
You feel very sick.
Throw: 27 darts (poison)
Press: ? - help, Q - select action, (/) - cycle Shift-Dir - straight line, f/p - kobold brigand
Aim: a kobold brigand, wielding a +0 short sword and quivering curare-tipped darts (severely wounded, 51% to hit)
You throw a poisoned dart.
The poisoned dart hits the kobold brigand.
The kobold brigand is severely wounded.
You feel sick.
The kobold brigand throws a curare-tipped dart.
The curare-tipped dart hits you.
You are lethally poisoned!
You have difficulty breathing.
* * * LOW HITPOINT WARNING * * *
You feel as though you will be slow longer.
It was a potion of curing.
Your system rejects the healing.
You feel better.
Throw: 26 darts (poison)
Press: ? - help, Q - select action, (/) - cycle Shift-Dir - straight line, f/p - kobold brigand
Aim: a kobold brigand, wielding a +0 short sword and quivering curare-tipped darts (severely wounded, 53% to hit)
You throw a poisoned dart.
The poisoned dart hits the kobold brigand.
The kobold brigand is poisoned.
The kobold brigand is severely wounded.
Throw: 25 darts (poison)
Press: ? - help, Q - select action, (/) - cycle Shift-Dir - straight line, f/p - kobold brigand
Aim: a kobold brigand, wielding a +0 short sword and quivering curare-tipped darts (severely wounded, poisoned, 51% to hit)
You throw a poisoned dart.
The poisoned dart closely misses the kobold brigand.
The kobold demonologist miscasts a cantrip.
The kobold brigand throws a curare-tipped dart.
The curare-tipped dart hits you.
You are poisoned.
You have difficulty breathing.
You die...

#.# #.# #.#
#.#####.#
#.......#
######..#
#..# #..#
########@.#
..........#
#######K###
#(# #K# #K#
#(# #.#
#ยง#


You could see a kobold demonologist, a kobold brigand (poisoned) and a kobold.

Vanquished Creatures
  A black bear (D:4)
  A scorpion (D:5)
  A jelly (D:4)
  An orc priest (D:3)
  A hound (D:4)
  2 bullfrog skeletons
  A hound skeleton (D:4)
  3 gnolls (D:4)
  An adder (D:4)
  An adder skeleton (D:4)
  A worm (D:2)
  2 dart slugs
  6 orcs
  5 endoplasms
  A giant cockroach (D:2)
  8 goblins
  9 hobgoblins
  2 jackals (D:2)
  3 kobolds
  6 quokkas
  9 ball pythons
  4 bats
  5 frilled lizards
  20 rats
94 creatures vanquished.

Vanquished Creatures (others)
  A plant (D:1)
1 creature vanquished.

Grand Total: 95 creatures vanquished

Notes
Turn   | Place    | Note
-------+----------+-------------------------------------------
     0 | D:1      | hatdisgam the Vine Stalker Brigand began the quest for the
                  | Orb.
     0 | D:1      | Reached XP level 1. HP: 11/11 MP: 2/2
   140 | D:1      | Reached XP level 2. HP: 2/15 MP: 3/3
   398 | D:1      | Reached skill level 1 in Long Blades
   656 | D:1      | Found a faded altar of an unknown god.
   690 | D:1      | Reached XP level 3. HP: 14/18 MP: 1/4
  2198 | D:2      | Gained mutation: Your natural rate of healing is unusually
                  | fast. [Vine Stalker growth]
  2198 | D:2      | Reached XP level 4. HP: 23/23 MP: 5/5
  2704 | D:3      | Found a broken altar of Ashenzari.
  2708 | D:3      | Found a hazy altar of Hepliaklqana.
  2778 | D:3      | Found a runed translucent door.
  2779 | D:3      | Noticed siradein's ghost (amateur TrFi)
  2861 | D:3      | Found a blossoming altar of Fedhas.
  2870 | D:3      | Found a stormy altar of Qazlal.
  2877 | D:3      | Reached XP level 5. HP: 20/27 MP: 4/6
  3217 | D:4      | Found a staircase to the Ecumenical Temple.
  3226 | Temple   | Entered the Ecumenical Temple
  3313 | D:4      | Noticed a black bear
  3324 | D:4      | Killed a black bear
  3325 | D:4      | Reached XP level 6. HP: 32/32 MP: 7/7
  3589 | D:4      | Found Maliq's Jewellery Shop.
  3652 | D:4      | Reached skill level 1 in Dodging
  3672 | D:5      | Entered Level 5 of the Dungeon
  3680 | D:5      | Noticed a sky beast
  3756 | D:5      | Reached XP level 7. HP: 13/36 MP: 8/8
  3863 | D:5      | Noticed a kobold demonologist
  3865 | D:5      | Noticed a neqoxec
  3886 | D:5      | Asphyxiated

Illustrated notes

Levels and vault maps discovered:
D:1:      lemuel_arrival_lava_pool, layout_basic,
          shapermc_ecumenical_altar_mp_ritualfount, minmay_3d_cube
D:2:      layout_basic, serial_forest, infiniplex_forest_lined_3,
          infiniplex_forest_zigzag_2, infiniplex_forest_side_room,
          infiniplex_forest_straight_2, infiniplex_forest_lined_ring,
          infiniplex_forest_corner_1, minmay_misc_feat_more_columns,
          minmay_rat_hole
D:3:      layout_rooms, mainiacjoe_overflow_alcove_1,
          nicolae_qazlal_general_emergency,
          chequers_temple_overflow_statue_of_worship, gammafunk_ghost_grave
D:4:      layout_basic, minmay_temple_entry_gardened_gates, serial_shops,
          nicolae_stop_n_shop_2
D:5:      layout_basic, general_overflow_altar, nicolae_overflow_crystal_walls,
          nicolae_uskayaw_dance_hall, nicolae_yredelemnul_ghost_church,
          serial_shops, nicolae_shop_stone
Temple:   corrupted_temple

Skill      XL: |  1  2  3  4  5  6 |
---------------+-------------------+-----
Fighting       | 2 3 |  3.2
Long Blades    | 1 2 3 4 |  4.4
Throwing       | 2 3 |  3.5
Dodging        | 1 |  1.3
Short Blades   | |  1.7
Stealth        | |  4.8

Action                   |  1- 3 |  4- 6 |  7- 9 || total
-------------------------+-------+-------+-------++-------
Melee: Dagger            |   109 |   164 |       ||   273
       Bite              |    24 |    51 |       ||    75
Throw: Dart              |    18 |    34 |     5 ||    57
  Use: Scroll            |       |     2 |       ||     2
       Potion            |       |       |     1 ||     1
 Stab: Sleeping          |     6 |     2 |       ||     8
Armor: Robe              |    37 |       |       ||    37
       Scale mail        |    12 |    70 |       ||    82
Dodge: Dodged            |   102 |    68 |     4 ||   174

Table legend: (Time is in decaauts)
 A = Elapsed time spent in this place.
 B = Non-inter-level travel time spent in this place.
 C = Inter-level travel time spent in this place.
 D = Time resting spent in this place.
 E = Time spent auto-exploring this place.
 F = Levels seen in this place.
 G = Mean time per level.
                   A        B        C        D        E       F      G
               +--------+--------+--------+--------+--------+-----+--------+
         Total |   3853 |   3715 |    138 |    425 |   2461 |   6 |  642.2 |
       Dungeon |   3802 |   3676 |    126 |    425 |   2424 |   5 |  760.4 |
        Temple |     50 |     38 |     12 |      0 |     37 |   1 |   50.0 |
               +--------+--------+--------+--------+--------+-----+--------+

Top non-repeatable levels by time:
     D:1: 1374 daAuts
     D:2: 1121 daAuts
     D:4: 592 daAuts
     D:3: 531 daAuts
     D:5: 183 daAuts
  Temple: 50 daAuts
